 Dungeon Crawl Stone Soup version 0.28.0-1-gb440e238dd (webtiles) character file.

Game seed: 3386886264781467993

229861 dolemite99 the Pandemonic (level 18, -4/170 HPs)
             Began as a Deep Dwarf Fighter on Feb 20, 2022.
             Was a High Priest of Makhleb.
             Slain by a vault warden (9 damage)
             ... on level 2 of the Vaults on Feb 21, 2022.
             The game lasted 01:27:19 (46696 turns).

dolemite99 the Pandemonic (Deep Dwarf Fighter)     Turns: 46696, Time: 01:27:20

Health: -4/170     AC: 35    Str: 25    XL:     18   Next: 74%
Magic:  8/8        EV: 11    Int: 12    God:    Makhleb [*****.]
Gold:   989        SH: 11    Dex: 12    Spells: 19/26 levels left

rFire   + . .      SeeInvis .   a - +2 broad axe (vamp)
rCold   + . .      Faith    +   V - +0 kite shield
rNeg    + . .      Spirit   .   g - +8 shadow dragon scales of Watchfulness {rF+ Stlth++++}
rPois   +          Reflect  .   S - +1 helmet
rElec   .          Harm     .   D - +2 cloak {rPois}
rCorr   .          Rampage  .   N - +2 pair of gloves
Will    +++..                   h - +2 pair of boots
Stlth   +++++.....              H - amulet of faith
HPRegen 0.00/turn               r - ring of protection from cold
MPRegen 0.11/turn               e - ring of willpower {=R}

@: mighty
A: damage resistance, heal wounds, negative energy resistance 1, sense
surroundings 3, no regeneration
}: 1/15 runes: decaying
a: Heal Wounds, Renounce Religion, Minor Destruction, Lesser Servant of Makhleb,
Major Destruction, Greater Servant of Makhleb


You were on level 2 of the Vaults.
You worshipped Makhleb.
Makhleb was extremely pleased with you.
You visited 7 branches of the dungeon, and saw 33 of its levels.

You collected 3057 gold pieces.
You spent 2068 gold pieces at shops.

Inventory:

Hand Weapons
 a - a +2 vampiric broad axe (weapon)
 b - a +4 vorpal fustibalus
 w - a +4 morningstar of freezing
Missiles
 f - 1097 stones (quivered)
 k - 18 sling bullets
 v - a throwing net
Armour
 g - the +8 shadow dragon scales of Watchfulness (worn) {rF+ Stlth++++}
   (You acquired it on level 11 of the Dungeon)

   rF:        It protects you from fire.
   Stlth:     It makes you much more stealthy.
 h - a +2 pair of boots (worn)
 D - a +2 cloak of poison resistance (worn)
 N - a +2 pair of gloves (worn)
 S - a +1 helmet (worn)
 V - a +0 kite shield (worn)
Jewellery
 c - a +4 ring of evasion
 e - a ring of willpower (right hand) {=R}
 i - a +4 ring of protection
 r - a ring of protection from cold (left hand)
 z - the ring "Uwouj" {rPois Str+4 Int-4 Dex+6 Stlth+}
   (You found it on level 7 of the Dungeon)

   [ring of dexterity]

   Str:       It affects your strength (+4).
   Int:       It affects your intelligence (-4).
   Dex:       It affects your dexterity (+6).
   rPois:     It protects you from poison.
   Stlth:     It makes you more stealthy.
 H - an amulet of faith (around neck)
 M - a ring of protection from fire
 W - a ring of see invisible
Wands
 d - a wand of acid (4)
 o - a wand of charming (6)
 y - a wand of mindburst (15)
 K - a wand of polymorph (8)
 L - a wand of paralysis (12)
 P - a wand of digging (13)
 X - a wand of iceblast (13)
Scrolls
 q - 13 scrolls of teleportation
 A - a scroll of silence
 B - 6 scrolls of fear
 C - 7 scrolls of vulnerability
 G - 10 scrolls of identify {@r1}
 O - a scroll of blinking
 Q - 2 scrolls of holy word
 Y - 3 scrolls of fog
 Z - 4 scrolls of noise
Potions
 j - 4 potions of attraction
 l - 7 potions of brilliance
 m - 3 potions of magic
 n - 9 potions of curing
 p - 2 potions of cancellation
 t - 2 potions of resistance
 x - a potion of flight
 F - 2 potions of might
 R - 3 potions of haste
 U - 3 potions of berserk rage
Miscellaneous
 s - a phial of floods
 E - a phantom mirror
 J - a lightning rod (4/4)


   Skills:
 - Level 12.8 Fighting
 - Level 14.1(16.3) Axes
 - Level 12.4(14.7) Maces & Flails
 - Level 12.3 Slings
 - Level 10.9 Armour
 - Level 11.1 Dodging
 - Level 10.4 Stealth
 - Level 9.9 Shields
 + Level 4.7 Spellcasting
 - Level 7.7 Necromancy
 - Level 17.0 Invocations
 - Level 11.3 Evocations


You had 19 spell levels left.
You knew the following spells:

 Your Spells              Type           Power      Damage    Failure   Level
a - Wereblood             Tmut           2%         N/A       98%         2
b - Vampiric Draining     Necr           21%        2d7       28%         3
c - Corpse Rot            Necr/Air       24%        N/A       56%         2

Your spell library contained the following spells:

 Spells                   Type           Power      Damage    Failure   Level
 Dispel Undead            Necr           21%        3d11      67%         4
 Beastly Appendage        Tmut           4%         N/A       92%         1
 Freeze                   Ice            8%         1d3       92%         1
 Magic Dart               Conj           8%         1d3       92%         1
 Slow                     Hex            8%         N/A       92%         1
 Sting                    Tmut/Pois      8%         1d3       92%         1
 Summon Small Mammal      Summ           8%         N/A       92%         1
 Poisonous Vapours        Pois/Air       4%         N/A       98%         2
 Scorch                   Fire           4%         2d5       98%         2
 Searing Ray              Conj           4%         2d4       98%         2
 Anguish                  Hex/Necr       6%         N/A       99%         4
 Confusing Touch          Hex            2%         N/A       100%        3
 Conjure Flame            Conj/Fire      2%         6-21      100%        3
 Frozen Ramparts          Ice            4%         1d2       100%        3
 Ignite Poison            Fire/Tmut/Pois 2%         N/A       100%        3
 Ozocubu's Armour         Ice            2%         N/A       100%        3
 Spider Form              Tmut/Pois      2%         N/A       100%        3
 Tukima's Dance           Hex            2%         N/A       100%        3
 Flame Wave               Conj/Fire      2%         2d4       100%        4
 Fulminant Prism          Conj/Hex       1%         3d6       100%        4
 Hailstorm                Conj/Ice       2%         3d3       100%        4
 Ice Form                 Ice/Tmut       2%         N/A       100%        4
 Leda's Liquefaction      Hex/Erth       1%         N/A       100%        4
 Olgreb's Toxic Radiance  Pois           2%         N/A       100%        4
 Petrify                  Tmut/Erth      2%         N/A       100%        4
 Sticky Flame             Conj/Fire      2%         2d3       100%        4
 Alistair's Intoxication  Tmut/Pois      1%         N/A       100%        5
 Borgnjor's Vile Clutch   Necr/Erth      6%         N/A       100%        5
 Freezing Cloud           Conj/Ice/Air   1%         6-21      100%        5
 Lee's Rapid Deconstruct  Erth           1%         3d5*      100%        5
 Metabolic Englaciation   Hex/Ice        1%         N/A       100%        5
 Death Channel            Necr           10%        N/A       100%        6
 Eringya's Noxious Bog    Tmut/Pois      1%         N/A       100%        6
 Simulacrum               Ice/Necr       6%         N/A       100%        6
 Statue Form              Tmut/Erth      1%         N/A       100%        6
 Summon Cactus Giant      Summ           1%         N/A       100%        6
 Enfeeble                 Hex            1%         N/A       100%        7
 Ozocubu's Refrigeration  Ice            1%         4d5       100%        7
 Ignition                 Fire           1%         3d3       100%        8
 Polar Vortex             Ice            1%         N/A       100%        9


Dungeon Overview and Level Annotations

Branches:
Dungeon (15/15)            Temple (1/1) D:6            Lair (6/6) D:10
  Swamp (4/4) Lair:4       Spider (3/4) Lair:2        Slime (0/5) Lair:6
    Orc (2/2) D:12            Elf (0/3) Orc:2        Vaults (2/5) D:13
 Depths (0/4) D:15
  Crypt: Vaults:2-3

Altars:
Ashenzari
Cheibriados
Dithmenos
Elyvilon
Fedhas
Gozag
Hepliaklqana
Kikubaaqudgha
Makhleb
Nemelex Xobeh
Okawaru
Qazlal
Ru
Sif Muna
Trog
Uskayaw
Vehumet
Wu Jian
Xom
Yredelemnul
Zin
The Shining One
Beogh

Shops:
D:9 *   D:13 *   D:15 *   Orc:2 =?*(

Annotations:
Lair:3 exclusion: oklob plant
Spider:3 Asterion, Bai Suzhen


Innate Abilities, Weirdness & Mutations

You are resistant to damage.
You can heal yourself by infusing magical energy.
You resist negative energy. (rN+)
You passively map a large area around you.
You do not regenerate.


Message History

The yaktaur is recalled.
The war gargoyle is recalled.
The yaktaur is recalled.
The vault warden is recalled.
A war gargoyle comes into view.
It is wielding a +2 dire flail of protection.
The ironbound thunderhulk hits you with a +1 great mace of protection!
The war gargoyle hits you with a +2 morningstar of holy wrath.
A vault warden and 2 yaktaurs come into view.
The vault warden is wielding a +1 long sword of distortion.
You slash the ironbound thunderhulk!
The ironbound thunderhulk is almost dead.
You slash the vault warden!
You hit the war gargoyle but do no damage.
You slash the ironbound convoker!
You feel better.
The war gargoyle launches metal splinters at you.
The spray of metal splinters misses you.
The ironbound thunderhulk hits you with a +1 great mace of protection!!
You slice the vault warden!!
The vault warden is moderately wounded.
You slash the war gargoyle! You slash the ironbound convoker!
You feel better.
You slash the ironbound thunderhulk!
You feel better.
You hit the war gargoyle but do no damage.
The war gargoyle hits you with a +2 morningstar of holy wrath.
The vault warden activates a sealing rune.
The ironbound convoker points at the yaktaur and mumbles some strange words.
The yaktaur seems to grow stronger.
The ironbound thunderhulk hits you with a +1 great mace of protection!!
* * * LOW HITPOINT WARNING * * *
The war gargoyle hits you with a +2 dire flail of protection!
* * * LOW HITPOINT WARNING * * *
You slice the ironbound convoker!!
The ironbound convoker is almost dead.
You closely miss the ironbound convoker.
You hit the ironbound thunderhulk.
You hit the war gargoyle but do no damage.
You barely miss the vault warden. You slash the war gargoyle!
The war gargoyle hits you with a +2 morningstar of holy wrath!!
* * * LOW HITPOINT WARNING * * *
The war gargoyle hits you with a +2 dire flail of protection!
* * * LOW HITPOINT WARNING * * *
The vault warden hits you with a +1 long sword of distortion!
You die...

+######### , *
.........#,, #......#
....#....#, #......#
..)......', #......#
#################......#
..#, , , ..............#
..# , ..............#
..+, ,,,......9p9.....#
..# , ,.....cO@......#
..+ ......pp......# ..#
, ,,,.......c......#
###. ,, ..............#
.... , ..............#
...., , ,..............#
.... , ..............#
.... ,, ,..............#
.... ,, ............#


You could see a vault warden, an ironbound thunderhulk (strong, drained), 2 war
gargoyles, 2 ironbound convokers and 2 yaktaurs.

Vanquished Creatures
  Frances (Swamp:1)
  2 thorn hunters
  Roxanne (Spider:2)
  A fenstrider witch (Swamp:2)
  A vault warden (Vaults:2)
  3 ghost moths
  An emperor scorpion (Spider:1)
  An orc warlord (Vaults:1)
  A broodmother (Spider:2)
  2 ironbound preservers (Vaults:1)
  The ghost of freelancePsychic the Fighter, a journeyman PaBr of Fedhas (Orc:2)
  7 dire elephants
  3 ironbound thunderhulks
  7 eleionomae
  4 spark wasps
  An entropy weaver (Spider:1)
  3 bunyips
  A shambling mangrove (Swamp:4)
  A fire dragon (D:15)
  2 yaktaur captains (Vaults:1)
  5 ogre magi
  Fannar (Lair:3)
  A spriggan air mage (Swamp:3)
  Erolcha (D:11)
  17 hydras
  7 boulder beetles
  An ice dragon (D:15)
  A hydra (shapeshifter) (D:10)
  An anaconda (Lair:3)
  3 catoblepae (Lair:6)
  9 centaur warriors
  A death knight (D:15)
  A jorogumo (Spider:2)
  A ghost crab (Swamp:4)
  2 ironbound frosthearts (Vaults:1)
  2 dancing weapons (D:13)
  5 alligators
  26 two-headed ogres
  5 tengu warriors
  A spriggan berserker (Swamp:3)
  9 death yaks
  7 spriggans
  4 pharaoh ants
  A sun moth (Spider:2)
  A steelbarb worm (shapeshifter) (D:15)
  8 swamp dragons
  A deep troll (Vaults:1)
  8 goliath frogs
  6 orb spiders
  3 ironbound convokers (Vaults:1)
  A death drake (Swamp:2)
  3 wizards (Vaults:1)
  5 harpies (Vaults:1)
  9 orc knights
  4 bog bodies
  3 spectral wolf spiders (Spider:2)
  A necromancer (Vaults:2)
  3 deep elf pyromancers
  5 lindwurms (Vaults:1)
  2 wolf spider zombies (Spider:2)
  13 wolf spiders
  2 orc sorcerers (Orc:2)
  2 will-o-the-wisps (Swamp:4)
  10 ugly things
  4 cyclopes
  7 slime creatures
  3 manticores
  3 black mambas
  8 elephants
  3 centaur zombies
  A vault sentinel (Vaults:1)
  3 torpor snails
  2 demonic crawlers (Spider:2)
  11 komodo dragons
  13 cane toads
  2 unseen horrors
  2 kobold demonologists
  4 rime drakes
  4 freezing wraiths
  3 yaktaurs (Vaults:2)
  2 efreet
  A queen bee (D:9)
  2 tengu conjurers (D:13)
  A meliai (Lair:2)
  12 hornets
  6 tyrant leeches
  6 trolls
  4 polar bears
  A bloated husk (Swamp:1)
  An ettin zombie (Vaults:2)
  14 tarantellas
  6 wolf spider simulacra (Spider:2)
  20 blink frogs
  6 dream sheep (Lair:6)
  10 culicivoras
  A water elemental (D:14)
  5 jumping spiders
  3 wyverns
  A centaur simulacrum (D:15)
  73 yaks
  A wraith (D:12)
  A vampire (D:13)
  22 redbacks
  29 vampire mosquitoes
  6 basilisks
  A steam dragon (Lair:4)
  20 swamp worms
  Menkaure (D:5)
  A warg (D:15)
  20 water moccasins
  5 acid dragons
  Pargi (D:3)
  30 orc warriors
  2 ice beasts
  4 black bears
  A necrophage (D:5)
  8 swamp drakes (Swamp:4)
  15 centaurs
  28 ogres
  A wolf (Lair:3)
  4 boggarts (Vaults:1)
  A phantom (D:6)
  2 kobold brigands (D:7)
  A human zombie (Vaults:2)
  14 bullfrogs
  2 gnoll sergeants
  2 scorpions (Lair:3)
  A water moccasin zombie (D:3)
  2 water moccasin skeletons
  27 killer bees
  5 howler monkeys
  9 wights
  8 electric eels
  3 hounds
  A jelly (D:6)
  4 centaur skeletons
  20 orc priests
  3 bullfrog skeletons
  A gnoll shaman (D:6)
  17 orc wizards
  6 hell rats
  2 killer bee zombies (D:8)
  A howler monkey zombie (D:10)
  9 adders
  12 gnolls
  A river rat (Lair:2)
  A shadow imp (D:4)
  A white imp (D:7)
  An ufetubus (D:5)
  3 worms
  A dart slug (D:1)
  75 orcs
  6 endoplasms
  5 giant cockroaches
  5 goblins
  5 hobgoblins
  4 jackals (D:3)
  5 quokkas
  7 ball pythons
  5 bats
  3 frilled lizards
  17 kobolds
  2 rats
  A briar patch (Swamp:2)
996 creatures vanquished.

Vanquished Creatures (collateral kills)
  Jorgrun (D:14)
  2 vault wardens (Vaults:1)
  An ironbound preserver (Vaults:1)
  An ironbound thunderhulk (Vaults:2)
  A stone giant (Vaults:2)
  4 dire elephants
  3 entropy weavers
  A yaktaur captain (Vaults:1)
  2 hydras
  A spriggan air mage (Swamp:1)
  4 death yaks
  A spriggan berserker (Swamp:1)
  4 spriggans
  A skeletal warrior (D:10)
  2 goliath frogs
  A swamp dragon (Swamp:1)
  An orb spider (Spider:2)
  6 deep trolls (Vaults:1)
  3 lindwurms (Vaults:1)
  A wizard (Vaults:1)
  An ugly thing (Vaults:1)
  2 wolf spiders
  A tengu skeleton (Vaults:2)
  2 vault sentinels (Vaults:1)
  2 black mambas
  A komodo dragon (Lair:3)
  A tarantella (Spider:2)
  5 hornets
  A tarantella (shapeshifter) (D:10)
  3 slime creatures (Vaults:1)
  A jumping spider (Spider:2)
  A human simulacrum (Vaults:2)
  7 blink frogs
  A culicivora (Spider:1)
  A wraith (D:10)
  18 yaks
  A redback (Spider:1)
  A steam dragon (Lair:3)
  2 vampire mosquitoes (Swamp:1)
  A warg (Vaults:1)
  An orc warrior (Vaults:1)
  An ogre (Orc:2)
  3 bullfrogs
  6 killer bees
  An orc priest (D:15)
  2 orc wizards
  5 orcs
113 creatures vanquished.

Vanquished Creatures (others)
  A spriggan druid (Swamp:3)
  A wolf spider (Spider:2)
  A tengu conjurer (D:15)
  A jumping spider (Spider:1)
  An orc wizard (D:6)
  A briar patch (Swamp:2)
  11 foxfires (Swamp:4)
  39 fungi
  60 plants
116 creatures vanquished.

Grand Total: 1225 creatures vanquished

Notes
Turn   | Place    | Note
-------+----------+-------------------------------------------
     0 | D:1      | dolemite99 the Deep Dwarf Fighter began the quest for the
                  | Orb.
     0 | D:1      | Reached XP level 1. HP: 20/20 MP: 1/1
   163 | D:1      | Reached XP level 2. HP: 27/27 MP: 2/2
   691 | D:2      | Reached XP level 3. HP: 23/33 MP: 3/3
  1137 | D:2      | Found a glowing silver altar of Zin.
  1173 | D:2      | Reached XP level 4. HP: 19/40 MP: 4/4
  1463 | D:3      | Reached skill level 5 in Axes
  1482 | D:3      | Noticed Pargi
  1493 | D:3      | Killed Pargi
  1494 | D:3      | Reached XP level 5. HP: 28/46 MP: 5/5
  1502 | D:3      | Found a sparkling altar of Nemelex Xobeh.
  1738 | D:3      | Reached XP level 6. HP: 30/55 MP: 6/6
  1901 | D:3      | Found a faded altar of an unknown god.
  2592 | D:4      | Reached XP level 7. HP: 32/61 MP: 7/7
  2756 | D:5      | Entered Level 5 of the Dungeon
  2779 | D:5      | Noticed Menkaure
  2799 | D:5      | Killed Menkaure
  2873 | D:5      | Reached skill level 10 in Axes
  2918 | D:5      | Reached XP level 8. HP: 48/68 MP: 7/7
  4070 | D:6      | Found a staircase to the Ecumenical Temple.
  4106 | Temple   | Entered the Ecumenical Temple
  4406 | Temple   | Became a worshipper of Makhleb the Destroyer
  4703 | D:6      | Reached skill level 1 in Invocations
  4710 | D:6      | Reached skill level 3 in Invocations
  4851 | D:6      | Got First Steps in Hermeneutics
  5020 | D:6      | Reached skill level 4 in Invocations
  5269 | D:7      | Gained mutation: You passively map the area around you.
                  | [Deep Dwarf growth]
  5269 | D:7      | Reached XP level 9. HP: 62/76 MP: 10/10
  5343 | D:7      | Reached skill level 5 in Invocations
  5488 | D:7      | Identified the ring "Uwouj" {rPois Str+4 Int-4 Dex+6
                  | Stlth+}
  5699 | D:7      | Reached skill level 6 in Invocations
  5735 | D:7      | Reached skill level 7 in Invocations
  5806 | D:7      | Reached * piety under Makhleb
  6033 | D:7      | Reached skill level 8 in Invocations
  6380 | D:8      | Noticed a two-headed ogre
  6398 | D:8      | Killed a two-headed ogre
  6399 | D:8      | Reached skill level 10 in Invocations
  6482 | D:8      | Reached skill level 1 in Evocations
  6560 | D:8      | Reached skill level 1 in Maces & Flails
  6718 | D:8      | Reached XP level 10. HP: 25/79 MP: 11/11
  6865 | D:8      | Reached skill level 5 in Evocations
  6871 | D:8      | Reached ** piety under Makhleb
  7061 | D:9      | You fall into a shaft and drop 3 floors!
  7089 | D:11     | Identified a scroll of acquirement
  7089 | D:11     | Acquired the +8 shadow dragon scales of Watchfulness {rF+
                  | Stlth++++}
  7131 | D:11     | Noticed a purple ugly thing
  7151 | D:11     | Killed a purple ugly thing
  7163 | D:11     | Reached skill level 5 in Stealth
  7313 | D:10     | Entered Level 10 of the Dungeon
  7408 | D:9      | Paralysed by a hornet for 1 turns
  7420 | D:9      | Reached skill level 5 in Maces & Flails
  7620 | D:9      | Found Xyzuq's General Store.
  7626 | D:9      | Bought a scroll of fear for 42 gold pieces
  7626 | D:9      | Bought a potion of lignification for 36 gold pieces
  7626 | D:9      | Bought a scroll of identify for 24 gold pieces
  7830 | D:9      | Reached *** piety under Makhleb
  8003 | D:9      | Reached XP level 11. HP: 37/89 MP: 12/12
  8026 | D:9      | Noticed a boulder beetle
  8058 | D:9      | Killed a boulder beetle
  8972 | D:9      | Reached **** piety under Makhleb
  8973 | D:9      | Reached skill level 5 in Armour
  9886 | D:10     | Noticed a two-headed ogre
  9904 | D:10     | Killed a two-headed ogre
  9905 | D:10     | Reached skill level 5 in Fighting
  9956 | D:10     | Noticed a skeletal warrior
  9957 | D:10     | Noticed a boulder beetle
  9968 | D:10     | Killed a boulder beetle
 10000 | D:10     | Killed a skeletal warrior
 10061 | D:10     | Noticed a two-headed ogre
 10118 | D:10     | Killed a two-headed ogre
 10144 | D:10     | Noticed a six-headed hydra
 10165 | D:10     | Killed a six-headed hydra
 10230 | D:10     | Noticed a deep elf pyromancer
 10566 | D:10     | Killed a deep elf pyromancer
 10567 | D:10     | Reached skill level 10 in Maces & Flails
 10796 | D:10     | Reached XP level 12. HP: 51/103 MP: 13/13
 11059 | D:10     | Found a staircase to the Lair.
 11248 | Lair:1   | Entered Level 1 of the Lair of Beasts
 11346 | Lair:1   | Reached skill level 5 in Slings
 11643 | Lair:1   | Noticed an eight-headed hydra
 11655 | Lair:1   | Killed an eight-headed hydra
 12973 | Lair:2   | Found a hole to the Spider Nest.
 13554 | Lair:3   | You fall into a shaft and drop 2 floors!
 14187 | Lair:3   | Noticed an eight-headed hydra
 14211 | Lair:3   | Killed an eight-headed hydra
 14243 | Lair:3   | Noticed a death yak
 14243 | Lair:3   | Noticed an anaconda
 14262 | Lair:3   | Reached XP level 13. HP: 35/110 MP: 12/12
 14268 | Lair:3   | Reached skill level 10 in Slings
 14436 | Lair:3   | Noticed Fannar
 14465 | Lair:3   | Killed Fannar
 15934 | Lair:5   | Reached ***** piety under Makhleb
 16429 | Lair:5   | Reached skill level 10 in Evocations
 17038 | Lair:6   | Entered Level 6 of the Lair of Beasts
 17128 | Lair:6   | Gained mutation: You resist negative energy. (rN+) [Deep
                  | Dwarf growth]
 17128 | Lair:6   | Reached XP level 14. HP: 56/123 MP: 10/10
 18612 | Lair:6   | Reached skill level 10 in Fighting
 19534 | Lair:6   | Found a staircase to the Slime Pits.
 20588 | D:11     | Noticed Erolcha
 20594 | D:11     | Killed Erolcha
 20936 | D:12     | Found an ancient bone altar of Kikubaaqudgha.
 21399 | D:12     | Reached skill level 10 in Stealth
 21399 | D:12     | Reached XP level 15. HP: 41/142 MP: 10/10
 22630 | D:12     | Found a staircase to the Orcish Mines.
 23121 | Orc:1    | Entered Level 1 of the Orcish Mines
 24064 | Orc:1    | Reached skill level 11 in Invocations
 24464 | Orc:2    | Entered Level 2 of the Orcish Mines
 24726 | Orc:2    | Found a staircase to the Elven Halls.
 25282 | Orc:2    | Found a burning altar of Makhleb.
 26568 | Orc:2    | Reached skill level 10 in Armour
 26632 | Orc:2    | Reached skill level 12 in Invocations
 26687 | Orc:2    | Reached ****** piety under Makhleb
 26892 | Orc:2    | Found Dapesu Kupo's Assorted Antiques.
 26892 | Orc:2    | Found Veske's Jewellery Emporium.
 26894 | Orc:2    | Found Qasaps's Weapon Shoppe.
 26894 | Orc:2    | Found Zehajees's Magic Scroll Shop.
 26925 | Orc:2    | Bought a ring of see invisible for 165 gold pieces
 26997 | Orc:2    | Reached skill level 1 in Dodging
 27025 | Orc:2    | Found a runed translucent door.
 27116 | Orc:2    | Noticed freelancePsychic's ghost (journeyman PaBr)
 27351 | Orc:2    | Killed freelancePsychic's ghost
 27397 | Orc:2    | Bought a twisted jade ring for 95 gold pieces
 27563 | D:13     | Found a gate to the Vaults.
 27900 | D:13     | Identified the +5 scale mail of Anaesthesia {Str+4}
 27970 | D:13     | Found Ibamn's Assorted Antiques.
 28339 | D:13     | Reached skill level 5 in Dodging
 29109 | D:14     | Noticed Jorgrun
 29326 | D:14     | Killed Jorgrun
 29696 | D:14     | Identified the +3 chain mail of Jigsaw {Int+4}
 29773 | D:14     | Found a blossoming altar of Fedhas.
 29980 | D:15     | Entered Level 15 of the Dungeon
 30538 | D:14     | Reached XP level 16. HP: 43/151 MP: 13/13
 31107 | D:15     | Found Akhlum's Assorted Antiques.
 31351 | Orc:2    | Bought a scroll of enchant weapon for 75 gold pieces
 31351 | Orc:2    | Bought a scroll of fear for 35 gold pieces
 31351 | Orc:2    | Bought a scroll of holy word for 75 gold pieces
 31351 | Orc:2    | Bought a scroll of magic mapping for 35 gold pieces
 31351 | Orc:2    | Bought a scroll of teleportation for 30 gold pieces
 31351 | Orc:2    | Bought a scroll of teleportation for 30 gold pieces
 31351 | Orc:2    | Bought a scroll of fog for 20 gold pieces
 31357 | Orc:2    | Bought a potion of heal wounds for 95 gold pieces
 31357 | Orc:2    | Bought a potion of invisibility for 152 gold pieces
 31357 | Orc:2    | Bought a scroll of enchant armour for 142 gold pieces
 31357 | Orc:2    | Bought a potion of might for 76 gold pieces
 31357 | Orc:2    | Bought a scroll of fear for 66 gold pieces
 31357 | Orc:2    | Bought a scroll of teleportation for 57 gold pieces
 31494 | D:13     | Identified the +9 broad axe of Pufeumm {vorpal, Drain rElec
                  | Str+8 Stlth+}
 31929 | D:15     | Found a staircase to the Depths.
 32452 | D:15     | Bought a scroll of blinking for 292 gold pieces
 32452 | D:15     | Bought a scroll of teleportation for 117 gold pieces
 32452 | D:15     | Bought a scroll of teleportation for 117 gold pieces
 32452 | D:15     | Bought a scroll of fear for 136 gold pieces
 32452 | D:15     | Bought an encrusted glass wand for 156 gold pieces
 32631 | Spider:1 | Entered Level 1 of the Spider Nest
 32855 | Spider:1 | HP: 5/151 [emperor scorpion (7)]
 32947 | Spider:1 | Reached skill level 5 in Shields
 36461 | Spider:2 | Reached skill level 13 in Invocations
 36673 | Spider:2 | Noticed Roxanne
 36816 | Spider:2 | Killed Roxanne
 38007 | Spider:2 | Reached skill level 14 in Invocations
 38332 | Spider:3 | Noticed Asterion
 38473 | Spider:3 | Reached XP level 17. HP: 123/160 MP: 10/10
 38550 | Spider:3 | Noticed Bai Suzhen
 38867 | Lair:4   | Found a staircase to the Swamp.
 38884 | Swamp:1  | Entered Level 1 of the Swamp
 38903 | Swamp:1  | Noticed Frances
 38919 | Swamp:1  | Killed Frances
 39412 | Swamp:1  | You fall into a shaft and drop 1 floor!
 39490 | Swamp:1  | Reached skill level 15 in Invocations
 39613 | Swamp:1  | Identified the +2 leather armour of Bebaw {+Blink}
 41071 | Swamp:3  | Identified the +5 rapier of the Tundras {spect, Will+ Int-4
                  | Stlth+}
 41295 | Swamp:3  | Got Lut Vatiff's Catalogue of Unstable Conjuration
 41855 | Swamp:4  | Entered Level 4 of the Swamp
 42192 | Swamp:4  | Reached skill level 16 in Invocations
 42939 | Swamp:4  | Got a decaying rune of Zot
 43097 | Swamp:4  | Reached skill level 17 in Invocations
 43475 | Swamp:4  | Gained mutation: You passively map a large area around you.
                  | [Deep Dwarf growth]
 43475 | Swamp:4  | Reached XP level 18. HP: 87/170 MP: 10/10
 44080 | Vaults:1 | Entered Level 1 of the Vaults
 44098 | D:13     | Learned a level 2 spell: Wereblood
 44102 | D:13     | Learned a level 3 spell: Vampiric Draining
 44105 | D:13     | Learned a level 2 spell: Corpse Rot
 44175 | Vaults:1 | Reached skill level 10 in Dodging
 44472 | Vaults:1 | Reached skill level 1 in Necromancy
 44978 | Vaults:1 | Reached skill level 5 in Necromancy
 45366 | Vaults:1 | Reached skill level 1 in Spellcasting
 46696 | Vaults:2 | HP: 5/170 [war gargoyle[a peacekeeper] (16)]
 46696 | Vaults:2 | Slain by a vault warden

Illustrated notes

Levels and vault maps discovered:
D:1:      beargit_arrival_greenhouse, layout_rooms, serial_glass,
          glass_columns_a, glass_columns_b, due_unseen_surprise,
          minmay_strange_pillars
D:2:      layout_loops_corners, basic_altar
D:3:      layout_basic, general_overflow_altar, shapermc_ecumenical_altar_petra,
          uniq_pargi
D:4:      layout_cave_pools
D:5:      layout_basic, uniq_menkaure
D:6:      layout_loops_ring, temple_doors_e, mrwooster_statue_mirror
D:7:      layout_loops_corners
D:8:      layout_rooms, minmay_misc_feat_roman
D:9:      cheibrodos_two_vegetables, layout_basic, special_room
          [special_room_bee], kennysheep_small_circle
D:10:     minmay_the_grid_triangle_9x9_rhombus_thin_mashed
          [minmay_the_grid_triangle_9x9_sparse_checkered,
          minmay_the_grid_triangle_9x9_prize_top_heavy,
          minmay_the_grid_triangle_9x9_stretched_checkered,
          minmay_the_grid_triangle_9x9_minimal], layout_rooms,
          david_lair_generic, minivault_5
D:11:     layout_gridville, uniq_erolcha
D:12:     layout_roguey, david_orc_4, kiku_gazebo_pond_becter
D:13:     layout_gridville, erik_vaults_1, serial_shops,
          nicolae_shop_behind_doors
D:14:     layout_cave_pools, minmay_misc_feat_alley, kennysheep_small_spiral,
          fedhas_altar_3, uniq_jorgrun
D:15:     grunt_enter_depths_hoard, layout_cross, serial_shops, shop
Temple:   regret_index_temple_sigil_plot
Lair:1:   layout_cave_pods, grunt_megastairs_1
Lair:2:   layout_chaotic_city, hellmonk_spider_entry_not_the_bees,
          wad_woods_road_01, serial_bayou_lake_a, serial_bayou_shore_a
Lair:3:   layout_gridlike, wad_woods_river_02, nicolae_lair_lakeside_cave,
          infiniplex_staircase_pool, lemuel_fruit_tree, uniq_fannar
Lair:4:   layout_cave_shapes, palyth_hydra_swamp_entry, grunt_megastairs_2
Lair:5:   layout_loops_ring, serial_bayou_shore_b
Lair:6:   evilmike_catoblepas_cave, layout_layer_cave, dpeg_slime_entry_corner
Swamp:1:  layout_basic_swamp, evilmike_swamp_ruin_rubble_2,
          infiniplex_staircase_pool_2, uniq_frances
Swamp:2:  layout_basic_swamp, nicolae_swamp_tree_designs, swamp_pool3,
          cheibrodos_swamp_witchery
Swamp:3:  layout_falls_marsh, evilmike_swamp_ruin_house_1, swamp_pool4
Swamp:4:  swamp_alternative, layout_basic_swamp, swamp_pool2,
          nicolae_swamp_catching_bugs
Spider:1: layout_spider_delve
Spider:2: nicolae_spider_hilbert_zone_3 [nicolae_spider_hilbert_4_sides_2_open,
          nicolae_spider_hilbert_3_sides_1_open,
          nicolae_spider_hilbert_3_sides_1_open,
          nicolae_spider_hilbert_3_sides_1_open,
          nicolae_spider_hilbert_3_sides_1_open,
          nicolae_spider_hilbert_4_sides_1_open,
          nicolae_spider_hilbert_4_sides_1_open,
          nicolae_spider_hilbert_4_sides_1_open,
          nicolae_spider_hilbert_4_sides_1_open,
          nicolae_spider_hilbert_4_sides_1_open,
          nicolae_spider_hilbert_4_sides_1_open,
          nicolae_spider_hilbert_4_sides_1_open,
          nicolae_spider_hilbert_4_sides_1_open,
          nicolae_spider_hilbert_3_sides_1_open,
          nicolae_spider_hilbert_3_sides_1_open,
          nicolae_spider_hilbert_3_sides_1_open,
          nicolae_spider_hilbert_3_sides_1_open],
          nicolae_spider_undead_wolf_pack, uniq_roxanne
Spider:3: cheibrodos_forgotten_conduit, uniq_asterion, uniq_bai_suzhen
Orc:1:    layout_caves, basic_altar, abandoned_shop, nicolae_orc_pool_cavern,
          rock_pile
Orc:2:    st_orc_ogre_mass, layout_diamond_mine, ebering_ghost_reflecting_pool,
          basic_altar, bloody_makhleb
Vaults:1: nicolae_vaults_network_s, v_misc_18, v_misc_1, v_pattern_4, v_misc_14,
          nicolae_vaults_little_squares_3, ontoclasm_vaults_decontamination,
          layout_vaults_chaotic_city
Vaults:2: ebering_ghost_rock_garden, nicolae_vaults_windows_and_doors_thing,
          hangedman_vaults_hat, vaults_mumra_chevron, vaults_dpeg_diagonal,
          vaults_dpeg_encased_lava, nicolae_vaults_specimen_jars,
          nicolae_vaults_rhombus_5, nicolae_vaults_little_squares_4,
          layout_vaults_omnigrid

Skill      XL: |  1  2  3  4  5  6  7  8  9 10 11 12 13 14 15 16 17 18 |
---------------+-------------------------------------------------------+-----
Axes           | 3 4 6 7 8 10 11 14 | 14.1
Slings         | 3 9 10 11 12 | 12.3
Fighting       | 3 4 5 7 11 12 | 12.8
Invocations    | 4 10 12 14 17 | 17.0
Evocations     | 2 7 11 | 11.3
Maces & Flails | 3 5 10 12 | 12.4
Stealth        | 5 10 | 10.4
Armour         | 4 6 8 10 | 10.9
Shields        | 4 9 |  9.9
Dodging        | 6 7 9 11 | 11.1
Necromancy     | 7 |  7.7
Spellcasting   | 4 |  4.7

Action                   |  1- 3 |  4- 6 |  7- 9 | 10-12 | 13-15 | 16-18 || total
-------------------------+-------+-------+-------+-------+-------+-------++-------
Melee: War axe           |    83 |   102 |   255 |       |       |       ||   440
       Hand axe          |       |       |     9 |       |       |       ||     9
       Whip              |       |       |    64 |   678 |       |       ||   742
       Morningstar       |       |       |       |   190 |   630 |   453 ||  1273
       Fustibalus        |       |       |       |       |     1 |       ||     1
       Broad axe         |       |       |       |       |       |   616 ||   616
 Fire: Hunting sling     |       |       |   135 |       |       |       ||   135
       Fustibalus        |       |       |       |    32 |   794 |   618 ||  1444
Throw: Dart              |       |       |     4 |    68 |    15 |       ||    87
       Stone             |       |       |       |       |       |    13 ||    13
Invok: Lesser Servant of |       |       |       |    17 |    30 |    29 ||    76
       Minor Destruction |       |       |       |     1 |     2 |       ||     3
       Major Destruction |       |       |       |       |    29 |    46 ||    75
       Greater Servant o |       |       |       |       |       |     7 ||     7
 Abil: Heal Wounds       |       |     3 |    22 |    13 |    15 |    37 ||    90
Evoke: Wand              |       |       |    14 |    16 |    14 |    25 ||    69
       Phial of floods   |       |       |       |     2 |     5 |     5 ||    12
       Phantom mirror    |       |       |       |       |     5 |     7 ||    12
       Lightning rod     |       |       |       |       |       |    29 ||    29
  Use: Potion            |       |     3 |     1 |    10 |     2 |    12 ||    28
       Scroll            |       |       |       |    22 |    14 |    11 ||    47
 Stab: Sleeping          |       |       |       |     9 |     4 |     3 ||    16
       Invisible         |       |       |       |       |     2 |       ||     2
       Distracted        |       |       |       |       |     5 |     7 ||    12
       Paralysed         |       |       |       |       |     1 |     4 ||     5
       Confused          |       |       |       |       |       |     1 ||     1
Armor: Scale mail        |    38 |    61 |    59 |       |       |       ||   158
       Chain mail        |       |       |   100 |    45 |       |       ||   145
       Shadow dragon sca |       |       |       |   648 |   684 |  1171 ||  2503
Dodge: Dodged            |    34 |    63 |   133 |   361 |   327 |   820 ||  1738
Block: Buckler           |    23 |    22 |    66 |   246 |   226 |    36 ||   619
       Kite shield       |       |       |       |       |       |   871 ||   871
